 Dungeon Crawl Stone Soup version 0.17.2-1-ge4368a0 (webtiles) character file.

616 hurricos the Magician (level 7, -17/36 HPs)
             Began as a Deep Elf Wizard on Oct 16, 2016.
             Was an Initiate of Makhleb.
             Demolished by an ogre
             ... wielding a +0 giant club
              (20 damage)
             ... on level 5 of the Dungeon.
             The game lasted 00:04:04 (4126 turns).

hurricos the Magician (Deep Elf Wizard)             Turns: 4126, Time: 00:04:05

Health: -17/36     AC:  7    Str:  4      XL:     7   Next: 21%
Magic:  10/19      EV: 12    Int: 22 (25) God:    Makhleb [......]
Gold:   252        SH:  0    Dex: 13      Spells: 6 memorised, 7 levels left

rFire  + . .     SeeInvis .     a - +1 dagger
rCold  x . .     Clarity  .     v - +0 robe
rNeg   . . .     SustAt   .     (no shield)
rPois  .         Gourm    +     h - +0 helmet
rElec  .         Spirit   .     p - +2 cloak
rCorr  .         Warding  .     (no gloves)
rMut   .         Stasis   .     m - +0 pair of boots
MR     .....                    t - amulet of the gourmand
Stlth  ++........               (no ring)
                                d - ring of fire

@: repel missiles, not resistant to hostile enchantments, unstealthy
A: no striking features
a: Renounce Religion


You were on level 5 of the Dungeon.
You worshipped Makhleb.
Makhleb was noncommittal.
You were not hungry.

You visited 1 branch of the dungeon, and saw 5 of its levels.

You collected 252 gold pieces.

Inventory:

Hand Weapons
 a - a +1 dagger (weapon)
Armour
 b - a +0 hat
 h - a +0 helmet (worn)
 m - a +0 pair of boots (worn)
 p - a +2 cloak (worn)
 v - a +0 robe (worn)
Jewellery
 d - a ring of fire (left hand)
 t - an amulet of the gourmand (around neck)
 x - an uncursed ring of teleportation
Wands
 k - a wand of random effects (12)
Scrolls
 e - a scroll of fog
 l - a scroll of enchant weapon
 r - 2 scrolls of identify
Potions
 j - 2 potions of curing
Books
 c - a book of Minor Magic

   Spells                             Type                      Level
   a - Magic Dart                     Conjuration                  1
   b - Blink                          Translocation                2
   c - Call Imp                       Summoning                    2
   d - Repel Missiles                 Charms/Air                   2
   e - Slow                           Hexes                        2
   f - Conjure Flame                  Conjuration/Fire             3
   g - Mephitic Cloud                 Conjuration/Poison/Air       3
 f - a book of the Dragon

   Spells                             Type                      Level
   a - Flame Tongue                   Conjuration/Fire             1
   b - Cause Fear                     Hexes                        4
   c - Bolt of Fire                   Conjuration/Fire             6
   d - Dragon Form                    Transmutation                7
   e - Dragon's Call                  Summoning                    9
Comestibles
 i - 5 meat rations
 o - 2 fruits
 q - a bread ration


   Skills:
 - Level 2.4 Dodging
 - Level 2.4 Stealth
 + Level 6.6 Spellcasting
 * Level 6.5 Conjurations
   Level 1.1 Summonings
 - Level 1.1 Translocations
 * Level 3.2 Fire Magic


You had 7 spell levels left.
You knew the following spells:

 Your Spells              Type           Power        Failure   Level  Hunger
a - Magic Dart            Conj           ####         1%          1    None
b - Blink                 Tloc           N/A          10%         2    None
c - Conjure Flame         Conj/Fire      #####...     3%          3    #......
d - Flame Tongue          Conj/Fire      #####        1%          1    None
e - Mephitic Cloud        Conj/Pois/Air  ###.....     12%         3    #......
k - Repel Missiles        Chrm/Air       #.....       14%         2    None


Dungeon Overview and Level Annotations

Branches:
Dungeon (5/15)
 Temple: D:4-7

Altars:
Fedhas
Gozag
Kikubaaqudgha
Makhleb
Trog
Xom
Yredelemnul


Message History

Confirm with . or Enter, or press ? or * to list all spells.
Aiming: Flame Tongue
Press: ? - help, Shift-Dir - straight line, f/p - ogre
Aim: an ogre, wielding a giant club (heavily wounded)
You feel a surge of power!
The flame tongue hits the ogre.
The ogre is almost dead.
The centaur hits you.
* * * LOW HITPOINT WARNING * * *
Casting: Flame Tongue
Confirm with . or Enter, or press ? or * to list all spells.
Aiming: Flame Tongue
Press: ? - help, Shift-Dir - straight line, f/p - ogre
Aim: an ogre, wielding a giant club (almost dead)
You feel a surge of power!
The flame tongue hits the ogre.
The ogre is almost dead.
The centaur hits you.
* * * LOW HITPOINT WARNING * * *
The ogre hits you with a giant club!!
Ouch! That really hurt!
You die...

..
#....#.#.#.....###
. #.#..#.#.#.....#
#.#..#.#.#.....# #
#.#..#.#.#.....#.#
..#..#.#.........#
..................#
...................
###########c......#
......O@........
...............#
########.......#
#...#...# #...+...#
#...# ..# +...# .#
...#


You could see an ogre and a centaur.

Vanquished Creatures
  A centaur (D:5)
  2 ogres (D:4)
  3 crimson imps (D:4)
  3 orc wizards (D:3)
  An orc priest (D:3)
  Natasha (thrice) (D:2)
  Robin (D:2)
  A gnoll (D:1)
  An adder (D:3)
  An ooze (D:4)
  An adder skeleton (D:4)
  A worm (D:2)
  5 giant geckos
  5 orcs (D:3)
  7 giant cockroaches
  10 hobgoblins
  8 jackals
  6 kobolds
  A quokka (D:2)
  A ball python (D:2)
  8 bats
  2 giant newts
  10 goblins
  7 rats
89 creatures vanquished.

Notes
Turn   | Place    | Note
--------------------------------------------------------------
     0 | D:1      | hurricos the Deep Elf Wizard began the quest for the Orb.
     0 | D:1      | Reached XP level 1. HP: 10/10 MP: 7/7
     3 | D:1      | Noticed an electric eel
     3 | D:1      | Noticed an electric eel
   351 | D:1      | Reached XP level 2. HP: 15/15 MP: 7/9
   782 | D:1      | Reached XP level 3. HP: 19/19 MP: 6/11
  1249 | D:2      | Found an ancient bone altar of Kikubaaqudgha.
  1295 | D:2      | Learned a level 2 spell: Blink
  1298 | D:2      | Learned a level 2 spell: Repel Missiles
  1327 | D:2      | Learned a level 3 spell: Mephitic Cloud
  1331 | D:2      | Learned a level 3 spell: Conjure Flame
  1511 | D:2      | Noticed Natasha
  1517 | D:2      | Killed Natasha
  1517 | D:2      | Reached skill level 5 in Spellcasting
  1517 | D:2      | Reached XP level 4. HP: 24/24 MP: 0/13
  1541 | D:2      | Noticed Natasha
  1651 | D:2      | Killed Natasha
  1715 | D:2      | Noticed Natasha
  1717 | D:2      | Killed Natasha
  1728 | D:2      | Found a blossoming altar of Fedhas.
  1761 | D:2      | Noticed Robin
  1936 | D:2      | Killed Robin
  2659 | D:3      | Reached XP level 5. HP: 28/28 MP: 5/15
  2711 | D:3      | Reached skill level 5 in Conjurations
  2841 | D:3      | Found a faded altar to an unknown god.
  2858 | D:3      | Reached skill level 6 in Spellcasting
  3116 | D:3      | Found an opulent altar of Gozag.
  3116 | D:3      | Found a bloodstained altar of Trog.
  3132 | D:3      | Found a shimmering altar of Xom.
  3329 | D:4      | Noticed an ogre
  3333 | D:4      | Learned a level 1 spell: Flame Tongue
  3343 | D:4      | Killed an ogre
  3343 | D:4      | Reached skill level 1 in Fire Magic
  3343 | D:4      | Reached XP level 6. HP: 32/32 MP: 7/17
  3452 | D:4      | Found a burning altar of Makhleb.
  3477 | D:4      | Found a shimmering altar of Xom.
  3536 | D:4      | Became a worshipper of Makhleb the Destroyer
  3730 | D:4      | Noticed an ogre
  3736 | D:4      | Killed an ogre
  3736 | D:4      | Reached XP level 7. HP: 36/36 MP: 11/18
  3973 | D:5      | Entered Level 5 of the Dungeon
  3978 | D:5      | Found a basalt altar of Yredelemnul.
  4126 | D:5      | Demolished by an ogre

Action                   |  1- 3 |  4- 6 |  7- 9 || total
-------------------------+-------+-------+-------++-------
Melee: Unarmed           |     2 |       |       ||     2
 Cast: Magic Dart        |    81 |   124 |       ||   205
       Repel Missiles    |     1 |       |     1 ||     2
       Mephitic Cloud    |       |     1 |     1 ||     2
       Flame Tongue      |       |     6 |    27 ||    33
  Use: Potion            |       |     2 |     5 ||     7
       Scroll            |       |     7 |     2 ||     9
  Eat: Bread ration      |     1 |       |       ||     1
       Beef jerky        |       |     2 |       ||     2
       Royal jelly       |       |     1 |       ||     1
